 Dungeon Crawl Stone Soup version 0.31.0-9-g3a7656b989 (webtiles) character file.

Game seed: 17515446759124821636

29 qw the Ducker (level 3, -3/18 HPs)
             Began as a Spriggan Hunter on Feb 2, 2024.
             Slain by Blork the orc
             ... wielding a +0 long sword
              (6 damage)
             ... on level 4 of the Dungeon.
             The game lasted 00:00:11 (625 turns).

qw the Ducker (Spriggan Hunter)                      Turns: 625, Time: 00:00:11

Health: -3/18      AC:  2    Str:  7    XL:     3   Next: 1%
Magic:  4/4        EV: 19    Int: 10    God:
Gold:   52         SH:  0    Dex: 20    Spells: 2/2 levels left

rFire   . . .        a - +0 shortbow
rCold   . . .        (shield currently unavailable)
rNeg    . . .        c - +0 robe
rPois   .            (helmet restricted)
rElec   .            (no cloak)
rCorr   .            (gloves unavailable)
SInv    +            (boots unavailable)
Will    .....        (no amulet)
Stlth   ++           (no ring)
HPRegen 0.23/turn    (no ring)
MPRegen 0.09/turn

%: no passive effects
@: very quick
A: very small, no large weapons, unfitting armour, see invisible, speed 3
a: no special abilities


You were on level 4 of the Dungeon.
You visited 1 branch of the dungeon, and saw 3 of its levels.

You collected 52 gold pieces.


Innate Abilities, Weirdness & Mutations

You are very small and have problems with some larger weapons.
You are too small for most types of armour.
You have supernaturally acute eyesight. (SInv)
You cover ground extremely quickly. (Speed+++)


   Skills:
 - Level 1.5 Fighting
 + Level 4.1 Ranged Weapons
 - Level 4.4 Dodging
 - Level 1.5 Stealth


You had 2 spell levels left.
You didn't know any spells.
Your spell library was empty.

Inventory:

Hand Weapons
 a - a +0 shortbow (weapon)
Armour
 c - a +0 robe (worn)
Potions
 b - a potion of curing {unknown}

Dungeon Overview and Level Annotations

Branches:
Dungeon (2/15)

Altars:

Annotations:
D:4 Blork the orc


Message History

Waypoint 1 assigned to D:2.
Found a hand axe.
You see here a +0 mace.
Found an escape hatch in the floor.
You see here a +0 hand axe.
A malevolent force fills the Dungeon...
You fall into a shaft and drop 2 floors!
The shaft crumbles and collapses.
Found a long sword and a pair of gloves.
Waypoint 2 assigned to D:4.
Blork the orc comes into view.
He is wielding a +0 long sword.
You shoot an arrow. The arrow hits Blork the orc.
Blork the orc shouts!
Blork the orc is lightly wounded.
Blork the orc screams, "I'll rip your head off!"
Blork the orc gestures wildly while chanting.
Blork the orc seems to speed up.
You shoot an arrow. The arrow hits Blork the orc.
Blork the orc is moderately wounded.
Blork the orc casts a spell at you. The magic dart hits you.
Blork the orc looks braver for a moment.
You shoot an arrow. The arrow hits Blork the orc.
Blork the orc is heavily wounded.
You shoot an arrow. The arrow hits Blork the orc.
Blork the orc is heavily wounded.
Blork the orc casts a spell at you. The puff of frost misses you.
You shoot an arrow. The arrow barely misses Blork the orc.
A hobgoblin comes into view.
You shoot an arrow. The arrow closely misses Blork the orc.
The hobgoblin shouts!
Blork the orc barely misses you.
You shoot an arrow. The arrow hits Blork the orc!
Blork the orc is severely wounded.
Blork the orc gestures at you while chanting.
The puff of flame hits you!
Ouch! That really hurt!
Blork the orc hits you with a +0 long sword.
You die...

...# #### .... ....#
...# ##...## #..#
.##.....## #..#
[........## #..######
....).....###........
.....^.......@#
#.........###o#
.........## #.#
##......## #.#
##....## ... #..###
g.. #. .... # .....


You could see Blork the orc (fast) and a hobgoblin.

Vanquished Creatures
  A gnoll (D:1)
  A dart slug (D:1)
  A bat (D:1)
  3 endoplasms (D:1)
  2 hobgoblins (D:1)
  2 quokkas (D:1)
  2 goblins (D:1)
  2 kobolds (D:1)
  2 rats (D:1)
16 creatures vanquished.

Notes
Turn   | Place    | Note
-------+----------+-------------------------------------------
     0 | D:1      | qw the Spriggan Hunter began the quest for the Orb.
     0 | D:1      | Reached XP level 1. HP: 10/10 MP: 2/2
     0 | D:1      | 0 ||| qw: Version: 0.3-a-155-g5e7d8dd
     0 | D:1      | 0 ||| qw: Game counter: 2804
     0 | D:1      | 0 ||| qw: Melee chars always use a shield: true
     0 | D:1      | 0 ||| qw: God list: Okawaru
     0 | D:1      | 0 ||| qw: Allow faded altars: false
     0 | D:1      | 0 ||| qw: Do Orc after clearing Dungeon:15 true
     0 | D:1      | 0 ||| qw: Do second Lair branch before Depths: true
     0 | D:1      | 0 ||| qw: Lair rune preference: random
     0 | D:1      | 0 ||| qw: Goals: Normal
     0 | D:1      | 0 ||| PLANNING D:1-11
    18 | D:1      | Reached skill level 3 in Dodging
    70 | D:1      | Found a faded altar of an unknown god.
   172 | D:1      | 172 ||| DROPPING scroll of butterflies.
   178 | D:1      | Reached XP level 2. HP: 14/14 MP: 3/3
   449 | D:1      | Reached XP level 3. HP: 17/18 MP: 4/4
   470 | D:1      | 470 ||| READING scroll labelled IGRAVU HUYFFARREK.
   611 | D:2      | You fall into a shaft and drop 2 floors!
   618 | D:4      | Noticed Blork the orc
   625 | D:4      | HP: 3/18 [Blork the orc/puff of flame (12)]
   625 | D:4      | Slain by Blork the orc

Levels and vault maps discovered:
D:1:      dpeg_arrival_long_road, layout_rooms,
          shapermc_ecumenical_altar_notcrosses, minmay_misc_feat_pillars,
          chequers_serial_rivers_room_b, hangedman_glass_teeth
D:2:      layout_basic, kennysheep_big_empty_room
D:4:      layout_loops_ring, temple_fountains, nicolae_shop_overcharged_wands,
          uniq_blork_the_orc

Skill      XL: |  1  2 |
---------------+-------+-----
Dodging        | 3 4 |  4.4
Fighting       | |  1.5
Ranged Weapons | |  4.1
Stealth        | |  1.5

Action                     || total
---------------------------++-------
   Fire: Shortbow          ||    54
    Use: Scroll            ||     1
 Armour: Robe              ||     5
  Dodge: Dodged            ||    17

Table legend:
 A = Non-vault XP
 B = Vault XP
 C = Vault XP percentage of total XP
 D = Non-vault monster count
 E = Vault monster count
 F = Vault count percentage of total count
                 A         B        C        D         E       F
            +---------+---------+-------+---------+---------+-------
      Total |      42 |       0 |   0.0 |      16 |       0 |   0.0
            +---------+---------+-------+---------+---------+-------
        D:1 |      42 |       0 |   0.0 |      16 |       0 |   0.0
            +---------+---------+-------+---------+---------+-------
